 Dungeon Crawl Stone Soup version 0.30-a0-739-gea05faddec (webtiles) character file.

Game seed: 12035483449233452148

51753 kingofthe the Cleaver (level 14, -2/102 HPs)
             Began as a Gnoll Chaos Knight on Feb 4, 2023.
             Was a Plaything of Xom.
             Slain by Seckat's ghost (16 damage)
             ... on level 1 of the Orcish Mines.
             The game lasted 02:05:19 (26394 turns).

kingofthe the Cleaver (Gnoll Chaos Knight)         Turns: 26394, Time: 02:05:20

Health: -2/102     AC: 24    Str: 20    XL:     14   Next: 61%
Magic:  15/27      EV: 11    Int: 14    God:    Xom [......]
Gold:   1089       SH:  0    Dex: 13    Spells: 26/32 levels left

rFire   + + .      SeeInvis .    b - +12 trident "Isagys" {vamp, rC- Str+2 Int+3}
rCold   x . .      Faith    .    (no shield)
rNeg    . . .      Spirit   .    U - +3 chain mail {rF+}
rPois   .          Reflect  .    X - +1 helmet
rElec   .          Harm     .    W - +1 cloak
rCorr   +          Rampage  .    B - +0 pair of gloves {infuse}
Will    +++..      Rnd*Tele +    S - +0 pair of boots
Stlth   +                        v - amulet of the acrobat
HPRegen 0.37/turn                Q - ring "Waohaibu" {rF+ Will+ rCorr Int+2}
MPRegen 0.20/turn                s - ring of willpower

@: no status effects
A: fangs 1, strong nose, distributed training, claws 1, iridescent scales 1,
dopey 1, frail 1, strong 1, teleportitis 1
a: Renounce Religion


You were on level 1 of the Orcish Mines.
You worshipped Xom.
You were a very special plaything of Xom.
You visited 4 branches of the dungeon, and saw 19 of its levels.
You also visited: Volcano.

You collected 1909 gold pieces.
You spent 820 gold pieces at shops.

Inventory:

Hand Weapons
 a - a +1 sling
 b - the +12 trident "Isagys" (weapon) {vamp, rC- Str+2 Int+3}
   (You took it off an orc wizard on level 8 of the Dungeon)

   Str:       It affects your strength (+2).
   Int:       It affects your intelligence (+3).
   rC:        It makes you vulnerable to cold.
 y - the +12 spear of Wockihuf {flame, *Rage *Corrode rF++ Str+3}
   (You found it on level 3 of the Dungeon)

   Str:       It affects your strength (+3).
   rF:        It greatly protects you from fire.
   *Rage:     It berserks you when you make melee attacks (+20% chance).
   *Corrode:  It may corrode you when you take damage.
 A - the +8 whip "Snakebite" {venom, curare, rPois}
   (You found it on level 3 of the Lair of Beasts)

   rPois:     It protects you from poison.
Armour
 B - a +0 pair of gloves of infusion (worn)
 F - a scarf of invisibility
 H - a +3 plate armour of fire resistance
 S - a +0 pair of boots (worn)
 U - a +3 chain mail of fire resistance (worn)
 W - a +1 cloak (worn)
 X - a +1 helmet (worn)
Jewellery
 f - a +6 ring of intelligence
 j - a ring of fire
 m - a ring of protection from cold
 n - a ring of resist corrosion
 p - a ring of poison resistance
 s - a ring of willpower (right hand)
 u - a ring of flight
 v - an amulet of the acrobat (around neck)
 Q - the ring "Waohaibu" (left hand) {rF+ Will+ rCorr Int+2}
   (You found it on level 11 of the Dungeon)

   [ring of resist corrosion]

   Int:       It affects your intelligence (+2).
   rF:        It protects you from fire.
   rCorr:     It protects you from acid and corrosion.
   Will:      It increases your willpower.
Wands
 q - a wand of iceblast (3)
 r - a wand of mindburst (6)
 z - a wand of acid (4)
 D - a wand of polymorph (5)
 M - a wand of charming (5)
Scrolls
 d - 6 scrolls of identify
 e - 2 scrolls of teleportation
 w - 2 scrolls of vulnerability
 C - 2 scrolls of magic mapping
 E - a scroll of blinking
 J - a scroll of enchant weapon
 K - a scroll of fog
 L - 3 scrolls of immolation
 V - a scroll of fear {unknown}
 Y - a scroll of amnesia
Potions
 h - 4 potions of lignification
 i - 4 potions of flight
 k - 4 potions of resistance
 l - 8 potions of curing
 o - 2 potions of magic
 x - 3 potions of mutation
 G - 2 potions of brilliance
 I - a potion of cancellation
 N - 2 potions of heal wounds
 P - 2 potions of haste
 R - a potion of ambrosia
 T - a potion of attraction {unknown}
Miscellaneous
 c - a piece from Xom's chessboard (15/15) (quivered)
 g - a lightning rod (4/4)
 O - a box of beasts (inert)


   Skills:
 + Level 11.6 Fighting
 + Level 9.7 Short Blades
 + Level 9.7 Long Blades
 + Level 11.6 Axes
 + Level 9.7 Maces & Flails
 + Level 9.7 Polearms
 + Level 9.7 Staves
 + Level 9.7 Ranged Weapons
 + Level 9.7 Throwing
 + Level 10.7 Armour
 + Level 10.1 Dodging
 + Level 9.7 Stealth
 + Level 9.7 Shields
 + Level 9.7 Unarmed Combat
 + Level 9.7 Spellcasting
 + Level 8.1 Conjurations
 + Level 8.1 Hexes
 + Level 8.1 Summonings
 + Level 8.1 Necromancy
 + Level 8.1 Translocations
 + Level 8.1 Transmutations
 + Level 8.1 Fire Magic
 + Level 8.1 Ice Magic
 + Level 8.1 Air Magic
 + Level 8.1 Earth Magic
 + Level 8.1 Poison Magic
 + Level 10.6 Invocations
 + Level 9.7 Evocations


You had 26 spell levels left.
You knew the following spells:

 Your Spells              Type           Power      Damage    Failure   Level
a - Shock                 Conj/Air       100%       1d9       2%          1
b - Call Canine Familiar  Summ           29%        N/A       8%          3
c - Wereblood             Tmut           29%        N/A       3%          2

Your spell library contained the following spells:

 Spells                   Type           Power      Damage    Failure   Level
 Cigotuvi's Dreadful Rot  Necr/Pois/Air  58%        N/A       3%          2
 Lesser Beckoning         Tloc           58%        N/A       3%          2
 Sublimation of Blood     Necr           29%        N/A       3%          2
 Gell's Gravitas          Tloc           29%        N/A       8%          3
 Ignite Poison            Fire/Tmut/Pois 29%        N/A       8%          3
 Portal Projectile        Hex/Tloc       58%        N/A       8%          3
 Stone Arrow              Conj/Erth      58%        3d10      8%          3
 Teleport Other           Tloc           29%        N/A       8%          3
 Animate Armour           Summ/Erth      58%        N/A       26%         4
 Dispel Undead            Necr           29%        3d13      26%         4
 Leda's Liquefaction      Hex/Erth       14%        N/A       26%         4
 Olgreb's Toxic Radiance  Pois           29%        N/A       26%         4
 Passage of Golubria      Tloc           29%        N/A       26%         4
 Petrify                  Tmut/Erth      29%        N/A       26%         4
 Sticky Flame             Conj/Fire      29%        2d5       26%         4
 Metabolic Englaciation   Hex/Ice        14%        N/A       56%         5
 Silence                  Hex/Air        14%        N/A       56%         5
 Summon Forest            Summ/Tloc      14%        N/A       56%         5
 Death Channel            Necr           14%        N/A       98%         6
 Eringya's Noxious Bog    Tmut/Pois      14%        N/A       98%         6
 Statue Form              Tmut/Erth      19%        N/A       98%         6
 Ozocubu's Refrigeration  Ice            14%        4d10      100%        7
 Summon Hydra             Summ           14%        N/A       100%        7
 Ignition                 Fire           14%        3d6       100%        8
 Lehudib's Crystal Spear  Conj/Erth      14%        10d5      100%        8


Dungeon Overview and Level Annotations

Branches:
Dungeon (11/15)            Temple (1/1) D:5            Lair (5/5) D:11
 Shoals (0/4) Lair:2        Snake (0/4) Lair:3        Slime (0/5) Lair:5
    Orc (2/2) D:9             Elf (0/3) Orc:2       Volcano (visited)

Altars:
Ashenzari
Cheibriados
Dithmenos
Elyvilon
Fedhas
Gozag
Hepliaklqana
Kikubaaqudgha
Makhleb
Nemelex Xobeh
Okawaru
Qazlal
Ru
Sif Muna
Trog
Uskayaw
Vehumet
Wu Jian
Xom
Yredelemnul
Zin
The Shining One

Shops:
D:6 [   D:7 :   D:11 (   Orc:2 ([!!

Annotations:
D:11 exclusion: 4 oklob plants
Orc:1 1 transporter, Seckat's ghost, journeyman KoBr


Innate Abilities, Weirdness & Mutations

You have very sharp teeth.
Your uncanny sense of smell can sniff out nearby items.
Your experience applies equally to all skills.
You have sharp fingernails.
You are partially covered in iridescent scales. (AC +2)
You are dopey. (Int -2)
You are frail. (-10% HP)
Your muscles are strong. (Str +4, Int/Dex -1)
You are occasionally teleported next to monsters.


Message History

Seckat's ghost gestures at you while chanting.
You resist with almost no effort.
You miss Seckat's ghost.
Seckat's ghost is moderately damaged.
Seckat's ghost closely misses you.
You closely miss Seckat's ghost.
Seckat's ghost is moderately damaged.
Seckat's ghost hits you but does no damage.
You miss Seckat's ghost. Your bite misses Seckat's ghost.
Seckat's ghost is moderately damaged.
You completely miss Seckat's ghost.
Seckat's ghost is moderately damaged.
Seckat's ghost tries to sneak away.
Seckat's ghost hits you but does no damage.
You are electrocuted!
* * * LOW HITPOINT WARNING * * *
You feel better. Seckat's ghost barely misses you.
You closely miss Seckat's ghost.
Seckat's ghost is moderately damaged.
Seckat's ghost closely misses you.
You completely miss Seckat's ghost.
Seckat's ghost is moderately damaged.
Seckat's ghost hits you but does no damage.
You miss Seckat's ghost.
Seckat's ghost is moderately damaged.
Seckat's ghost hits you but does no damage.
You are electrocuted!
* * * LOW HITPOINT WARNING * * *
You feel much better.
Seckat's ghost hits you but does no damage.
You open the lid... ...and a juvenile weirdsting beast leaps out!
The box is emptied!
Seckat's ghost hits you but does no damage.
You are electrocuted!
* * * LOW HITPOINT WARNING * * *
Seckat's ghost attacks as you move away!
Seckat's ghost hits you but does no damage.
You are electrocuted!
You die...

############.#........#
##......................
#......................#
#...#########.........##
#..##©......##..........
#..#8..$....8#.......... ###
####..#?........#...#......
#.#####.#...#!.H.W....#...##.....
....##.....©#?..@©)...#©...#.....
#.......#...#}...)....#...#......
#........#..#.........#..........
#...........#8.......8#.[......##
....._......##.......##.)......#
.............#########.[....#.##
............................###
........................##.##
.>....#.....##############.#


You could see Seckat's ghost (ally target) and a friendly juvenile weirdsting
beast (summoned).

Vanquished Creatures
  An orc warlord (Orc:2)
  A great orb of eyes (Lair:5)
  A fire dragon (Lair:5)
  An ogre mage (D:10)
  2 boulder beetles
  2 two-headed ogres
  3 death yaks
  3 orc high priests
  A fire crab (Lair:1)
  A death drake (Lair:3)
  A lindwurm (Lair:5)
  An orc knight (Orc:2)
  An ugly thing (D:10)
  4 orc sorcerers (Orc:2)
  A moth of wrath (Lair:5)
  2 cyclopes
  A manticore (D:7)
  8 elephants
  5 black mambas
  2 gargoyles (Volcano)
  A torpor snail (Lair:4)
  2 molten gargoyles (Lair:5)
  9 cane toads
  An efreet (Volcano)
  An unseen horror (D:10)
  A yaktaur (D:10)
  A rime drake (Lair:5)
  6 komodo dragons
  A queen bee (D:10)
  3 trolls
  A polar bear (Lair:4)
  A hornet (D:10)
  7 dream sheep (Lair:3)
  9 blink frogs
  3 slime creatures
  31 yaks
  A shadow (D:9)
  3 fire bats (Lair:1)
  A vampire (D:11)
  A wraith (D:10)
  2 fire elementals
  3 basilisks
  3 wyverns
  4 steam dragons
  3 vampire mosquitoes
  2 nagas (Lair:3)
  7 water moccasins
  4 wargs
  2 acid dragons
  37 orc warriors
  A floating eye (shapeshifter) (Lair:3)
  4 hell hounds
  2 sky beasts
  A black bear (D:5)
  An ice beast (D:7)
  6 centaurs
  5 wolves (Lair:2)
  5 ogres
  A phantom (D:4)
  5 kobold brigands
  6 bullfrogs
  5 necrophages
  2 gnoll sergeants
  11 wights
  20 killer bees
  8 howler monkeys
  4 lava snakes (Lair:5)
  3 jellies
  3 gnoll boudas
  19 orc priests
  8 hounds
  6 iguanas
  30 orc wizards
  4 hell rats
  9 adders
  20 gnolls
  8 river rats
  A shadow imp (D:6)
  2 white imps
  An ufetubus (D:10)
  2 dart slugs (D:1)
  102 orcs
  8 ball pythons
  2 bats (D:1)
  14 endoplasms
  3 giant cockroaches
  12 goblins
  A hobgoblin (D:2)
  23 kobolds
  11 quokkas
  A frilled lizard (D:1)
  5 rats
578 creatures vanquished.

Vanquished Creatures (collateral kills)
  Amaemon (Lair:3)
  A molten gargoyle (Lair:5)
  An orange demon (Lair:3)
  2 wyverns
  A yak (Lair:2)
  A hell hound (Lair:5)
  An orc warrior (D:8)
  A phantom (D:4)
  4 wights (D:8)
  A howler monkey (D:8)
  An orc wizard (D:6)
  2 gnolls (D:8)
  An orc (D:8)
  A kobold (D:8)
19 creatures vanquished.

Vanquished Creatures (others)
  A dancing weapon (Lair:5)
  An unseen horror (D:10)
  An orc warrior (Orc:1)
  A ball python zombie (D:2)
  24 fungi
  27 plants
55 creatures vanquished.

Grand Total: 652 creatures vanquished

Notes
Turn   | Place    | Note
-------+----------+-------------------------------------------
     0 | D:1      | kingofthe the Gnoll Chaos Knight began the quest for the
                  | Orb.
     0 | D:1      | Reached XP level 1. HP: 23/23 MP: 1/1
   131 | D:1      | Reached XP level 2. HP: 24/29 MP: 2/2
   257 | D:1      | XOM: divination: magic mapping
   260 | D:1      | Reached XP level 3. HP: 19/35 MP: 3/3
   294 | D:1      | Reached skill level 1 in Invocations
   593 | D:1      | Found a faded altar of an unknown god.
   602 | D:1      | Got Plato's Elucidation of Feathers
   605 | D:1      | Learned a level 1 spell: Shock
   721 | D:1      | Reached skill level 1 in Short Blades
   721 | D:1      | Reached skill level 1 in Long Blades
   721 | D:1      | Reached skill level 1 in Maces & Flails
   721 | D:1      | Reached skill level 1 in Polearms
   721 | D:1      | Reached skill level 1 in Staves
   721 | D:1      | Reached skill level 1 in Ranged Weapons
   721 | D:1      | Reached skill level 1 in Throwing
   721 | D:1      | Reached skill level 1 in Stealth
   721 | D:1      | Reached skill level 1 in Shields
   721 | D:1      | Reached skill level 1 in Unarmed Combat
   721 | D:1      | Reached skill level 1 in Spellcasting
   721 | D:1      | Reached skill level 1 in Evocations
   751 | D:2      | Reached XP level 4. HP: 37/41 MP: 5/5
   941 | D:2      | XOM: divination: magic mapping
  1149 | D:2      | XOM: cloud trail
  1424 | D:3      | Reached skill level 1 in Conjurations
  1424 | D:3      | Reached skill level 1 in Hexes
  1424 | D:3      | Reached skill level 1 in Summonings
  1424 | D:3      | Reached skill level 1 in Necromancy
  1424 | D:3      | Reached skill level 1 in Translocations
  1424 | D:3      | Reached skill level 1 in Transmutations
  1424 | D:3      | Reached skill level 1 in Fire Magic
  1424 | D:3      | Reached skill level 1 in Ice Magic
  1424 | D:3      | Reached skill level 1 in Air Magic
  1424 | D:3      | Reached skill level 1 in Earth Magic
  1424 | D:3      | Reached skill level 1 in Poison Magic
  1609 | D:3      | Identified the +12 spear of Wockihuf {flame, *Rage *Corrode
                  | rF++ Str+3}
  1637 | D:3      | XOM: 5-stop teleportation journey
  1721 | D:3      | XOM: enchant monster (bad)
  1785 | D:3      | XOM: summons 3 hostile demons
  2001 | D:3      | XOM: give mutations
  2001 | D:3      | Gained mutation: You sometimes lose your temper in combat.
                  | [Xom's mischief]
  2001 | D:3      | Gained mutation: You occasionally lose the ability to read
                  | scrolls when taking damage. [Xom's mischief]
  2001 | D:3      | Lost mutation: You occasionally lose the ability to read
                  | scrolls when taking damage. [Xom's mischief]
  2001 | D:3      | Gained mutation: You are occasionally teleported next to
                  | monsters. [Xom's mischief]
  2005 | D:3      | XOM: silly message
  2236 | D:3      | Reached XP level 5. HP: 43/47 MP: 7/7
  2253 | D:3      | XOM: 5-stop teleportation journey
  2259 | D:3      | Identified the +1 robe "Kihaoroi" {rN++ Dex-2 SInv Stlth+}
  2356 | D:3      | Found a glowing silver altar of Zin.
  2356 | D:3      | Noticed an angel
  2757 | D:4      | XOM: noise
  2760 | D:4      | Reached XP level 6. HP: 53/53 MP: 8/8
  2763 | D:4      | Noticed a sky beast
  2768 | D:4      | XOM: polymorph dart slug -> river rat
  2770 | D:4      | XOM: divination: detect items
  2774 | D:4      | XOM: confusion (+ monsters)
  2846 | D:4      | XOM: give mutation
  2846 | D:4      | Gained mutation: You are dopey. (Int -2) [Xom's mischief]
  2891 | D:4      | XOM: summons friendly iron imp
  2894 | D:4      | Reached skill level 5 in Armour
  3046 | D:4      | XOM: 4-stop teleportation journey
  3063 | D:4      | XOM: scenery: summon butterflies
  3074 | D:4      | XOM: divination: detect items
  3243 | D:4      | XOM is BORED!
  3243 | D:4      | XOM: summons 4 hostile demons
  3306 | D:4      | XOM: enchant monster (bad)
  3309 | D:4      | XOM: chaos upgrade
  3497 | D:4      | Reached XP level 7. HP: 59/59 MP: 10/10
  3511 | D:4      | XOM: 2-stop teleportation journey
  3688 | D:4      | XOM: summons 4 hostile demons
  3862 | D:4      | Found a bloodstained altar of Trog.
  3893 | D:4      | XOM is BORED!
  3893 | D:4      | XOM: draining
  3901 | D:4      | You fall into a shaft and drop 2 floors!
  3953 | D:5      | Entered Level 5 of the Dungeon
  3975 | D:5      | XOM: silly message
  4033 | D:5      | Reached XP level 8. HP: 41/67 MP: 12/12
  4525 | D:5      | Found a staircase to the Ecumenical Temple.
  4530 | Temple   | Entered the Ecumenical Temple
  4747 | D:5      | XOM: chaos cloud
  4756 | D:5      | Paralysed by you for 4 turns
  4838 | D:5      | XOM: swap monsters
  4903 | D:5      | XOM: enchant monster (bad)
  5168 | D:6      | XOM: fog
  5385 | D:6      | Reached XP level 9. HP: 73/73 MP: 13/15
  5535 | D:6      | XOM: summons friendly iron imp
  5606 | D:6      | Found Libyumy's Antique Armour Boutique.
  5614 | D:6      | Bought an embroidered scarf for 184 gold pieces
  5811 | D:7      | XOM: enchant monster (good)
  5817 | D:7      | Reached skill level 5 in Dodging
  5868 | D:7      | Noticed a manticore
  5887 | D:7      | Found Azyf's Book Shoppe.
  5933 | D:7      | XOM: summons friendly ufetubus
  5937 | D:7      | XOM: potion effect (haste)
  5960 | D:7      | XOM: 2-stop teleportation journey
  6080 | D:7      | Learned a level 3 spell: Call Canine Familiar
  6111 | D:7      | XOM: 2-stop teleportation journey
  6131 | D:7      | XOM: cloud trail
  6195 | D:7      | XOM: cleaving
  6423 | D:7      | Killed a manticore
  6424 | D:7      | Reached skill level 5 in Invocations
  6471 | D:7      | XOM: cast spell 'Olgreb's Toxic Radiance'
  6769 | D:7      | XOM: cloud trail
  6926 | D:8      | XOM: summons 5 friendly demons
  6949 | D:8      | XOM: 2-stop teleportation journey
  7032 | D:8      | Reached skill level 5 in Short Blades
  7032 | D:8      | Reached skill level 5 in Long Blades
  7032 | D:8      | Reached skill level 5 in Maces & Flails
  7032 | D:8      | Reached skill level 5 in Polearms
  7032 | D:8      | Reached skill level 5 in Staves
  7032 | D:8      | Reached skill level 5 in Ranged Weapons
  7032 | D:8      | Reached skill level 5 in Throwing
  7032 | D:8      | Reached skill level 5 in Stealth
  7032 | D:8      | Reached skill level 5 in Shields
  7032 | D:8      | Reached skill level 5 in Unarmed Combat
  7032 | D:8      | Reached skill level 5 in Spellcasting
  7032 | D:8      | Reached skill level 5 in Evocations
  7032 | D:8      | Reached XP level 10. HP: 79/81 MP: 17/17
  7147 | D:8      | XOM: cloud trail
  7161 | D:8      | Identified the +12 trident "Isagys" {vamp, rC- Str+2 Int+3}
  7334 | D:8      | XOM: cloud trail
  7348 | D:8      | XOM: summons 10 friendly demons
  7352 | D:8      | XOM: smoke on damage
  7446 | D:8      | XOM: divination: magic mapping
  7639 | D:8      | XOM: cloud trail
  7767 | D:9      | Found a staircase to the Orcish Mines.
  7902 | D:8      | XOM: scenery: summon butterflies
  7929 | D:8      | XOM: summons friendly crimson imp
  7970 | D:8      | Found a glowing golden altar of the Shining One.
  8014 | D:8      | Found a radiant altar of Vehumet.
  8652 | D:8      | XOM: god gift: 22 gold pieces
  8779 | D:9      | XOM: summons friendly white imp
  8979 | D:9      | XOM: god gift: chain mail {god gift}
  9124 | D:6      | Bought a shiny ring mail for 161 gold pieces
  9220 | D:9      | Found a shimmering blue altar of Sif Muna.
  9264 | D:9      | XOM: divination: magic mapping
  9593 | D:10     | Entered Level 10 of the Dungeon
  9638 | D:10     | Noticed an unseen horror
  9749 | D:10     | XOM: noise
  9752 | D:10     | Killed an unseen horror
  9763 | D:10     | XOM: divination: magic mapping
  9767 | D:10     | Noticed a green ugly thing
  9969 | D:10     | XOM: divination: detect items
  9979 | D:10     | Killed a green ugly thing
 10248 | D:10     | XOM: polymorph killer bee -> hound
 10254 | D:10     | XOM: blink monster(s)
 10828 | D:9      | XOM: potion effect (haste)
 10925 | D:10     | Killed an unseen horror
 10926 | D:10     | Reached skill level 5 in Conjurations
 10926 | D:10     | Reached skill level 5 in Hexes
 10926 | D:10     | Reached skill level 5 in Summonings
 10926 | D:10     | Reached skill level 5 in Necromancy
 10926 | D:10     | Reached skill level 5 in Translocations
 10926 | D:10     | Reached skill level 5 in Transmutations
 10926 | D:10     | Reached skill level 5 in Fire Magic
 10926 | D:10     | Reached skill level 5 in Ice Magic
 10926 | D:10     | Reached skill level 5 in Air Magic
 10926 | D:10     | Reached skill level 5 in Earth Magic
 10926 | D:10     | Reached skill level 5 in Poison Magic
 10926 | D:10     | Reached XP level 11. HP: 65/89 MP: 20/20
 10994 | D:10     | XOM: summons 6 hostile demons
 11005 | D:10     | Paralysed by a hornet for 2 turns
 11011 | D:10     | XOM: confusion (+ monsters)
 11135 | D:10     | XOM: butterfly on damage
 11156 | D:9      | XOM: summons 1 hostile demon
 11411 | D:10     | XOM: god gift: 12 gold pieces
 11418 | D:10     | XOM: give mutation
 11418 | D:10     | Gained mutation: You are partially covered in iridescent
                  | scales. (AC +2) [Xom's grace]
 11486 | D:10     | Noticed an ogre mage
 11708 | D:10     | XOM: scenery: summon butterflies
 11771 | D:10     | XOM: cleaving
 11776 | D:10     | XOM: torment (46/89 hp)
 12196 | D:11     | Noticed a two-headed ogre
 12207 | D:11     | Killed a two-headed ogre
 12212 | D:11     | Found Ofiwk's Antique Weapon Emporium.
 12240 | D:11     | Noticed an oklob plant
 12240 | D:11     | Found a staircase to the Lair.
 12240 | D:11     | Noticed a death yak
 12240 | D:11     | Noticed a death yak
 12240 | D:11     | Noticed a death yak
 12240 | D:11     | Noticed a boulder beetle
 12240 | D:11     | XOM: 9-stop teleportation journey
 12337 | D:11     | XOM: blink monster(s)
 12411 | D:11     | Noticed an oklob plant
 12412 | D:11     | XOM: noise
 12427 | D:11     | XOM: summons friendly iron imp
 12427 | D:11     | Paralysed by a floating eye for 2 turns
 12432 | D:11     | XOM: enchant monster (bad)
 12433 | D:11     | Paralysed by a floating eye for 3 turns
 12447 | D:11     | XOM: cast spell 'Summon Small Mammal'
 12686 | D:11     | Noticed a cyclops
 12691 | D:11     | XOM: enchant monster (bad)
 12697 | D:11     | Killed a cyclops
 13076 | D:11     | Identified the ring "Waohaibu" {rF+ Will+ rCorr Int+2}
 13138 | D:10     | Killed a death yak
 13184 | D:10     | XOM: silly message
 13254 | D:10     | XOM: silly message
 13427 | D:11     | Noticed an oklob plant
 13446 | D:11     | XOM: silly message
 13594 | D:11     | XOM: scenery: create altars
 13609 | D:11     | XOM: summons friendly white imp
 13816 | D:11     | XOM: summons friendly white imp
 13824 | D:11     | XOM: enchant monster (good)
 13834 | D:11     | Killed a death yak
 13839 | D:11     | Killed a death yak
 13840 | D:11     | Reached XP level 12. HP: 97/97 MP: 22/22
 14031 | D:11     | XOM: cloud trail
 14179 | D:11     | Killed a boulder beetle
 14627 | Lair:1   | Entered Level 1 of the Lair of Beasts
 14728 | Lair:1   | Found a transporter.
 14770 | Lair:1   | Found a transporter.
 14988 | Lair:1   | You fall into a shaft and drop 1 floor!
 14988 | Lair:2   | Found a staircase to the Shoals.
 15080 | Lair:2   | XOM: summons 2 friendly demons
 15088 | Lair:2   | XOM: divination: detect creatures
 15099 | Lair:2   | XOM: potion effect (haste)
 15127 | Lair:2   | Reached skill level 10 in Fighting
 15127 | Lair:2   | Reached skill level 10 in Axes
 15186 | Lair:2   | XOM: silly message
 15263 | Lair:2   | XOM: divination: detect creatures
 15357 | Lair:2   | XOM: silly message
 15480 | Lair:2   | XOM: 1-stop teleportation journey
 16274 | Lair:2   | XOM: silly message
 16367 | Lair:1   | XOM: summons 4 hostile shadow creatures
 16394 | Lair:1   | XOM: 10-stop teleportation journey
 16688 | Lair:1   | XOM: torment (50/97 hp)
 17079 | Lair:1   | XOM: noise
 17314 | D:6      | Bought a shiny helmet for 172 gold pieces
 17455 | D:10     | XOM: give mutations
 17455 | D:10     | Gained mutation: You have sharp fingernails. [Xom's
                  | mischief]
 17455 | D:10     | Gained mutation: You are weak. (Str -2) [Xom's mischief]
 17455 | D:10     | Gained mutation: You are frail. (-10% HP) [Xom's mischief]
 17468 | D:10     | Killed an ogre mage
 17563 | Orc:1    | Entered Level 1 of the Orcish Mines
 17643 | Orc:2    | Entered Level 2 of the Orcish Mines
 17788 | Orc:2    | Noticed an orc high priest
 17795 | Orc:2    | Killed an orc high priest
 17798 | Orc:2    | Noticed an orc warlord
 17849 | Orc:1    | XOM: 4-stop teleportation journey
 17860 | Orc:1    | XOM: scenery: summon butterflies
 17998 | Orc:1    | Noticed a two-headed ogre
 17998 | Orc:1    | XOM: 1-stop teleportation journey
 17999 | Orc:1    | fuck you xom
 18002 | Orc:1    | Killed a two-headed ogre
 18076 | Orc:1    | Found a transporter.
 18080 | Orc:1    | Noticed Seckat's ghost (journeyman KoBr)
 18137 | Orc:1    | Found a transporter.
 18211 | Orc:1    | XOM: cast spell 'Olgreb's Toxic Radiance'
 18264 | Orc:1    | Noticed an orc high priest
 18273 | Orc:1    | Reached XP level 13. HP: 71/93 MP: 20/25
 18303 | Orc:1    | XOM: potion effect (haste)
 18480 | Orc:1    | XOM: divination: detect creatures
 18826 | Orc:1    | XOM: divination: magic mapping
 18845 | Orc:1    | XOM: silly message
 18893 | Orc:2    | XOM: noise
 18980 | Orc:2    | XOM: silly message
 18986 | Orc:2    | XOM: fog
 19058 | Orc:2    | XOM: give mutation
 19058 | Orc:2    | Lost mutation: You sometimes lose your temper in combat.
                  | [Xom's mischief]
 19144 | Orc:2    | XOM: smoke on damage
 19225 | Orc:2    | Found a staircase to the Elven Halls.
 19370 | Orc:2    | XOM: cast spell 'Dispersal'
 19380 | Orc:2    | Killed an orc warlord
 19689 | Orc:2    | XOM: divination: detect items
 19704 | Orc:2    | Found Gukakkixt's Distillery.
 19780 | Orc:2    | Bought a potion of degeneration for 12 gold pieces
 19787 | Orc:2    | Bought a potion of heal wounds for 60 gold pieces
 19787 | Orc:2    | Bought a potion of haste for 120 gold pieces
 19787 | Orc:2    | Bought a potion of curing for 36 gold pieces
 20139 | Orc:2    | XOM: god gift: 40 gold pieces
 20190 | Orc:2    | XOM: blink monster(s)
 20339 | Orc:2    | Found Foloe's Distillery.
 20347 | Orc:2    | Bought a potion of heal wounds for 75 gold pieces
 20448 | Orc:2    | XOM: divination: magic mapping
 20503 | Orc:2    | Found Fisuj's Antique Weapon Boutique.
 20505 | Orc:2    | Found Leguode's Antique Armour Shop.
 20731 | Orc:2    | XOM is BORED!
 20731 | Orc:2    | XOM: noise
 20814 | Orc:2    | XOM: silly message
 21135 | Lair:3   | Found a staircase to the Snake Pit.
 21212 | Lair:3   | XOM: potion effect (curing)
 21215 | Lair:3   | XOM: potion effect (magic)
 21271 | Lair:3   | Reached skill level 10 in Armour
 21373 | Lair:3   | XOM: polymorph elephant -> death drake
 21389 | Lair:3   | XOM: polymorph six-headed hydra -> shapeshifter
 21390 | Lair:3   | XOM: blink monster(s)
 21403 | Lair:3   | XOM: silly message
 21405 | Lair:3   | Noticed Amaemon
 21405 | Lair:3   | XOM: 2-stop teleportation journey
 21412 | Lair:3   | Killed Amaemon
 21520 | Lair:3   | XOM: give mutation
 21520 | Lair:3   | Lost mutation: You are weak. (Str -2) [Xom's mischief]
 21677 | Lair:3   | Paralysed by a floating eye for 4 turns
 21878 | Lair:3   | XOM: give mutation
 21878 | Lair:3   | Gained mutation: Your muscles are strong. (Str +4, Int/Dex
                  | -1) [Xom's mischief]
 21978 | Lair:4   | XOM: 5-stop teleportation journey
 22072 | Lair:4   | XOM: confusion
 22073 | Lair:4   | no xom
 22083 | Lair:4   | XOM: summons 4 hostile shadow creatures
 22465 | Lair:4   | XOM: summons 1 hostile demon
 22474 | Lair:4   | XOM: give mutation
 22474 | Lair:4   | Gained mutation: You are clumsy. (Dex -2) [Xom's mischief]
 22493 | Lair:4   | Reached XP level 14. HP: 99/101 MP: 17/27
 22504 | Lair:4   | Reached skill level 10 in Invocations
 22653 | Lair:4   | XOM: silly message
 22733 | Lair:4   | XOM: 6-stop teleportation journey
 23286 | Lair:4   | XOM: give mutation
 23286 | Lair:4   | Lost mutation: You are clumsy. (Dex -2) [Xom's mischief]
 23322 | Lair:5   | Entered Level 5 of the Lair of Beasts
 23443 | Lair:5   | XOM: polymorph elephant -> moth of wrath
 23447 | Lair:5   | XOM: swap monsters
 23458 | Lair:5   | XOM: confusion (+ monsters)
 23478 | Lair:5   | Found a dark tunnel.
 23478 | Lair:5   | XOM: 5-stop teleportation journey
 23542 | Lair:5   | Found a staircase to the Slime Pits.
 23542 | Lair:5   | XOM: 2-stop teleportation journey
 23562 | Lair:5   | XOM: summons 2 friendly demons
 23574 | Lair:5   | XOM: silly message
 23596 | Lair:5   | XOM: 1-stop teleportation journey
 23597 | Lair:5   | damnit xom
 23876 | Volcano  | Entered a volcano
 23939 | Volcano  | XOM: scenery: summon butterflies
 23951 | Volcano  | XOM: enchant monster (bad)
 24179 | Lair:5   | XOM: 2-stop teleportation journey
 24219 | Lair:5   | Learned a level 2 spell: Wereblood
 24257 | Lair:5   | XOM: polymorph slime creature -> great orb of eyes
 24267 | Lair:5   | XOM: summons friendly crimson imp
 24868 | Lair:5   | XOM: cloud trail
 25132 | Lair:5   | Found a large runed translucent door.
 25133 | Lair:5   | Found a large runed translucent door.
 25206 | Lair:5   | XOM: potion effect (brilliance)
 25315 | Lair:5   | XOM: god gift: 48 gold pieces
 25355 | Lair:5   | XOM: potion effect (invisibility)
 25407 | Lair:5   | Reached skill level 10 in Dodging
 25676 | Lair:5   | XOM: cast spell 'Alistair's Intoxication'
 25792 | Lair:5   | XOM: cloud trail
 26029 | Lair:5   | XOM: noise
 26065 | Lair:5   | XOM: potion effect (haste)
 26364 | Orc:1    | XOM: noise
 26368 | Orc:1    | XOM: confusion
 26394 | Orc:1    | Slain by Seckat's ghost

Illustrated notes #.... ..... ..... o.o.. ..$..## ##.o... .......#....o. #........o.# #..........# #........# #..@..# #.O...# ##.#### ## Turn 17999 on Orc:1: fuck you xom

.....###..## #P.........
...... ##..........
.....P# #...........
....$.. ###..........
.......## ##............
........# #.#...........
........#####...........
..YY.?...# ##...........
#.@.###............
#..................
#..................
...........#.[.......
....................
.....#..............!
.....##..............
..................... ..
...............


Turn 22073 on Lair:4: no xom #.....#..# ##P.......## ##.........$#
###P..........# ##.P...........# #.P.P..........# #.P..F.........#
#.......<......# #....@.......... #............... ##....)F........
#..#.......<.......# ###................. ###.F.............# ##..............P
............... ......... Turn 23597 on Lair:5: damnit xom

Levels and vault maps discovered:
D:1:      ebering_trefoil_twist, layout_rooms,
          shapermc_ecumenical_altar_rom_forum
D:2:      layout_loops_ring
D:3:      layout_loops_corners, zin_angel
D:4:      layout_rooms, bloody_trog, hangedman_minor_gate_pass
D:5:      layout_basic, temple_doors_cd
D:6:      layout_basic, serial_rivers, chequers_serial_rivers_micro_b,
          chequers_serial_rivers_micro_a, chequers_serial_rivers_micro_d,
          chequers_serial_rivers_micro_a, chequers_serial_rivers_micro_c,
          serial_shops, shop
D:7:      layout_rooms, serial_shops, nicolae_shop_crystal,
          dreamdust_princess_bridge, minivault_4, dk_noncrumbling_2,
          minmay_microvault
D:8:      layout_layer_cave, mainiacjoe_overflow_two_lobes,
          minmay_misc_feat_more_columns
D:9:      layout_basic, lemuel_blue_sif_altar, orc_0_dummy
D:10:     layout_rooms, special_room [special_room_bee], kb_rosetta
D:11:     layout_basic, dpeg_lair_monsters, serial_shops,
          nicolae_shop_overgrown_old_shop, minmay_misc_feat_ornament,
          disabler_island
Temple:   sentei_temple_godly_chess
Lair:1:   gammafunk_cloud_chamber, layout_hall_layers, lemuel_fruit_tree
Lair:2:   layout_cave_pods, minmay_shoals_entry_hut, grunt_megastairs_5
Lair:3:   layout_hall_layers, guppyfry_snake_entry_garden, uniq_amaemon
Lair:4:   layout_cave_shapes, kennysheep_rathole
Lair:5:   cheibrodos_lair_end_hotspot, layout_cave_pods,
          minmay_slime_entry_pillars, nicolae_volcano_entry_s_turn
Orc:1:    layout_diamond_mine, gammafunk_ghost_arena, basic_altar,
          kennysheep_orc_chapel
Orc:2:    grunt_orc_community_town_hall, layout_diamond_mine,
          grunt_orc_community_big_house_2, grunt_orc_community_big_house_1,
          grunt_orc_community_house_1, grunt_orc_community_house_3,
          grunt_orc_community_house_3, grunt_orc_community_house_2, uniq_rupert

Skill      XL: |  1  2  3  4  5  6  7  8  9 10 11 12 13 14 |
---------------+-------------------------------------------+-----
Invocations    | 1 2 3 4 5 6 7 8 9 10 | 10.6
Short Blades   | 1 2 3 4 5 6 7 8 9 |  9.7
Long Blades    | 1 2 3 4 5 6 7 8 9 |  9.7
Maces & Flails | 1 2 3 4 5 6 7 8 9 |  9.7
Polearms       | 1 2 3 4 5 6 7 8 9 |  9.7
Staves         | 1 2 3 4 5 6 7 8 9 |  9.7
Ranged Weapons | 1 2 3 4 5 6 7 8 9 |  9.7
Throwing       | 1 2 3 4 5 6 7 8 9 |  9.7
Stealth        | 1 2 3 4 5 6 7 8 9 |  9.7
Shields        | 1 2 3 4 5 6 7 8 9 |  9.7
Unarmed Combat | 1 2 3 4 5 6 7 8 9 |  9.7
Spellcasting   | 1 2 3 4 5 6 7 8 9 |  9.7
Evocations     | 1 2 3 4 5 6 7 8 9 |  9.7
Conjurations   | 1 2 3 4 5 6 7 8 |  8.1
Hexes          | 1 2 3 4 5 6 7 8 |  8.1
Summonings     | 1 2 3 4 5 6 7 8 |  8.1
Necromancy     | 1 2 3 4 5 6 7 8 |  8.1
Translocations | 1 2 3 4 5 6 7 8 |  8.1
Transmutations | 1 2 3 4 5 6 7 8 |  8.1
Fire Magic     | 1 2 3 4 5 6 7 8 |  8.1
Ice Magic      | 1 2 3 4 5 6 7 8 |  8.1
Air Magic      | 1 2 3 4 5 6 7 8 |  8.1
Earth Magic    | 1 2 3 4 5 6 7 8 |  8.1
Poison Magic   | 1 2 3 4 5 6 7 8 |  8.1
Dodging        | 3 4 5 6 7 8 9 10 | 10.1
Armour         | 5 6 7 8 9 10 | 10.7
Fighting       | 7 8 9 10 11 | 11.6
Axes           | 7 8 9 10 11 | 11.6

Action                     |  1- 3 |  4- 6 |  7- 9 | 10-12 | 13-15 || total
---------------------------+-------+-------+-------+-------+-------++-------
  Melee: Hand axe          |   118 |    16 |       |       |       ||   134
         Bite              |    16 |    11 |     8 |    75 |    84 ||   194
         Dagger            |       |   108 |       |       |       ||   108
         Spear             |       |    61 |   169 |    12 |       ||   242
         Punch             |       |       |     3 |    39 |    43 ||    85
         Trident           |       |       |       |   681 |   741 ||  1422
   Fire: Sling             |       |   113 |   225 |   242 |   301 ||   881
         Shortbow          |       |       |       |     1 |       ||     1
   Cast: Call Canine Famil |       |       |       |     1 |       ||     1
Ability: Evoke Invisibilit |       |       |     1 |       |       ||     1
  Evoke: Piece from Xom's  |     5 |     3 |     2 |     3 |       ||    13
         Wand              |       |       |       |     2 |       ||     2
         Box of beasts     |       |       |       |       |     1 ||     1
    Use: Scroll            |     1 |     2 |     6 |    11 |     6 ||    26
         Potion            |       |       |     1 |     5 |    11 ||    17
   Stab: Sleeping          |       |     2 |     2 |     2 |     3 ||     9
         Paralysed         |       |       |     2 |       |       ||     2
         Invisible         |       |       |     1 |       |     9 ||    10
         Distracted        |       |       |       |     3 |       ||     3
         Petrified         |       |       |       |     7 |       ||     7
         Petrifying        |       |       |       |     2 |       ||     2
 Armour: Leather armour    |    29 |    48 |       |       |       ||    77
         Robe              |       |    30 |    65 |    31 |       ||   126
         Ring mail         |       |       |       |   240 |   153 ||   393
         Chain mail        |       |       |       |       |   143 ||   143
         Plate armour      |       |       |       |       |    65 ||    65
  Dodge: Dodged            |    58 |   147 |   169 |   622 |   445 ||  1441

Table legend: (Time is in decaauts)
 A = Elapsed time spent in this place.
 B = Non-inter-level travel time spent in this place.
 C = Inter-level travel time spent in this place.
 D = Time resting spent in this place.
 E = Time spent auto-exploring this place.
 F = Levels seen in this place.
 G = Mean time per level.
                   A        B        C        D        E       F      G
               +--------+--------+--------+--------+--------+-----+--------+
         Total |  26512 |  23618 |   2894 |   5270 |  12626 |  20 | 1325.6 |
       Dungeon |  15408 |  13600 |   1808 |   3604 |   6882 |  11 | 1400.7 |
        Temple |     11 |      7 |      4 |      0 |      3 |   1 |   11.0 |
          Lair |   7362 |   6883 |    479 |   1079 |   4220 |   5 | 1472.4 |
  Orcish Mines |   3487 |   2885 |    602 |    583 |   1417 |   2 | 1743.5 |
       Volcano |    242 |    242 |      0 |      3 |    104 |   1 |  242.0 |
               +--------+--------+--------+--------+--------+-----+--------+

Top non-repeatable levels by time:
   Orc:2: 2287 daAuts
  Lair:5: 2241 daAuts
     D:9: 2230 daAuts
    D:10: 2166 daAuts
    D:11: 1896 daAuts
     D:8: 1757 daAuts
  Lair:4: 1600 daAuts
     D:3: 1561 daAuts
  Lair:2: 1306 daAuts
  Lair:1: 1288 daAuts
     D:7: 1259 daAuts
   Orc:1: 1199 daAuts
     D:5: 1115 daAuts
     D:4: 1061 daAuts
  Lair:3: 925 daAuts
